 Dungeon Crawl Stone Soup version 0.22-a0-608-g8a62e23 (webtiles) character file.

713 sking99 the Insei (level 7, -2/60 HPs)
             Began as a Yellow Draconian Transmuter on July 9, 2018.
             Was a Believer of the Shining One.
             Slain by a wraith (7 damage)
             ... in an ossuary.
             The game lasted 00:10:55 (5449 turns).

sking99 the Insei (Yellow Draconian Transmuter)     Turns: 5449, Time: 00:10:56

Health: -2/60      AC:  6    Str: 12    XL:     7   Next: 41%
Magic:  3/10       EV: 12    Int: 13    God:    the Shining One [**....]
Gold:   155        SH:  6    Dex: 14    Spells: 7/10 levels left

rFire    . . .     SeeInvis .     - Unarmed
rCold    . . .     Gourm    .   (no shield)
rNeg     + . .     Faith    .   (armour unavailable)
rPois    .         Spirit   .   (helmet restricted)
rElec    .         Reflect  .   (no cloak)
rCorr    +         Harm     .   (no gloves)
MR       .....                  (no boots)
Stlth    +.........             (no amulet)
HPRegen  0.20/turn              (no ring)
MPRegen  0.12/turn              (no ring)

@: divine shield, hasted and slowed, glowing
A: spit acid, acid resistance, unfitting armour, cold-blooded, AC +6
a: Breathe Acid, Divine Shield, Renounce Religion


You were in an ossuary.
You worshipped the Shining One.
The Shining One was pleased with you.
You were very hungry.

You visited 1 branch of the dungeon, and saw 5 of its levels.
You also visited: Ossuary.

You collected 155 gold pieces.

Inventory:

Missiles
 a - 43 arrows
Armour
 i - a +1 buckler
Wands
 s - a wand of digging (16)
 t - a wand of flame (10)
Scrolls
 m - a scroll of remove curse
 o - a scroll of magic mapping
Potions
 b - a potion of might
 d - 2 potions of curing
 e - a potion of lignification
 f - a potion of brilliance {unknown}
 n - a potion of magic {unknown}
 q - a potion of agility {unknown}
 r - a potion of heal wounds {unknown}
Comestibles
 c - 9 rations


   Skills:
 + Level 4.6 Fighting
 - Level 1.7 Dodging
 * Level 6.7 Unarmed Combat
 - Level 2.0 Spellcasting
 + Level 4.0 Transmutations


You had 7 spell levels left.
You knew the following spells:

 Your Spells              Type           Power        Failure   Level  Hunger
a - Beastly Appendage     Tmut           ##....       4%          1    ##.....
b - Sticks to Snakes      Tmut           ##......     8%          2    ###....

Your spell library contained the following spells:

 Spells                   Type           Power        Failure   Level  Hunger
 Spider Form              Tmut/Pois      #.........   32%         3    ####...
 Blade Hands              Tmut           ##........   80%         5    ######.
 Ice Form                 Ice/Tmut       #.......     73%         4    #####..


Dungeon Overview and Level Annotations

Branches:
Dungeon (5/15)
 Temple: D:4-7

Altars:
Cheibriados
Fedhas
The Shining One


Innate Abilities, Weirdness & Mutations

You can spit globs of acid.
You are resistant to acid.
Your golden yellow scales are hard. (AC +6)
You cannot fit into any form of body armour.
You are cold-blooded and may be slowed by cold attacks.


Message History

Your ball python completely misses the wraith.
Your adder barely misses the wraith.
Your ball python bites the wraith but does no damage.
Your adder bites the wraith but does no damage.
A divine shield forms around you!
You feel slightly more hungry.
Your ball python barely misses the wraith.
You block the wraith's attack.
Your ball python bites the wraith.
Your adder bites the wraith but does no damage.
You hit the wraith but do no damage.
The wraith is severely damaged.
Your ball python withers and dies!
The wraith hits you but does no damage.
Your adder bites the wraith.
The wraith hits you!
* * * LOW HITPOINT WARNING * * *
The wraith drains your vigour!
You feel as though you will be slow longer.
You feel yourself speed up.
Your adder completely misses the wraith.
The wraith hits you!
You die...

#####################
#....................
#.∩......@WS.........
#.......#####'#####.
#......##.........#
#.....##...##W##...#
#....##... ... ...#
#....#... ..?!. ...
#....+.. ..!??!. ..
#....#. ##.?.!.## .
#....## .##...##.


You could see a wraith and a friendly adder.

Vanquished Creatures
  Edmund (D:5)
  A bullfrog zombie (D:5)
  An orc wizard (D:3)
  A hound (D:4)
  An orc priest (D:3)
  2 iguanas (D:4)
  4 worker ants
  A mummy (Ossuary)
  7 adders
  5 oozes
  3 worms
  3 dart slugs
  2 leopard geckos (D:3)
  18 orcs
  4 ball pythons
  6 giant cockroaches
  12 goblins
  4 hobgoblins (D:2)
  8 jackals
  4 quokkas
  6 bats
  3 frilled lizards
  5 gnoll skeletons (Ossuary)
  A goblin zombie (D:5)
  3 kobolds
  6 kobold skeletons (Ossuary)
  8 orc skeletons (Ossuary)
  A quokka skeleton (D:4)
  A quokka zombie (D:5)
  10 rats
132 creatures vanquished.

Vanquished Creatures (collateral kills)
  An ogre (D:3)
  An adder (D:2)
  A worm (D:3)
  A leopard gecko (D:3)
  A kobold (D:2)
5 creatures vanquished.

Vanquished Creatures (others)
  4 bushes (D:3)
4 creatures vanquished.

Grand Total: 141 creatures vanquished

Notes
Turn   | Place    | Note
-------+----------+-------------------------------------------
     0 | D:1      | sking99 the Draconian Transmuter began the quest for the Orb.
     0 | D:1      | Reached XP level 1. HP: 16/16 MP: 3/3
   394 | D:1      | Reached XP level 2. HP: 23/23 MP: 5/5
   485 | D:1      | Learned a level 2 spell: Sticks to Snakes
  1154 | D:2      | Reached XP level 3. HP: 25/29 MP: 4/6
  1308 | D:2      | Reached skill level 4 in Unarmed Combat
  1640 | D:2      | Reached XP level 4. HP: 33/37 MP: 7/7
  2607 | D:3      | Found a glowing golden altar of the Shining One.
  2625 | D:3      | Reached XP level 5. HP: 44/45 MP: 8/8
  2640 | D:3      | Became a worshipper of the Shining One
  2732 | D:3      | Reached skill level 5 in Unarmed Combat
  2748 | D:3      | Found a faded altar of an unknown god.
  3172 | D:3      | Noticed an ogre
  3196 | D:3      | Killed an ogre
  3196 | D:3      | Reached XP level 6. HP: 12/51 MP: 3/9
  3917 | D:4      | Found a blossoming altar of Fedhas.
  3965 | D:4      | Reached skill level 6 in Unarmed Combat
  4123 | D:4      | Reached * piety under the Shining One
  4141 | D:4      | Found a snail-covered altar of Cheibriados.
  4894 | D:5      | Entered Level 5 of the Dungeon
  4902 | D:5      | Your scales start taking on a golden yellow colour.
  4902 | D:5      | Reached XP level 7. HP: 44/59 MP: 10/10
  5121 | D:5      | Noticed Edmund
  5132 | D:5      | Killed Edmund
  5173 | D:5      | Found a sand-covered staircase.
  5303 | Ossuary  | Entered an ossuary
  5303 | Ossuary  | Noticed a wraith
  5303 | Ossuary  | Noticed a wraith
  5303 | Ossuary  | Noticed a wraith
  5323 | Ossuary  | Reached ** piety under the Shining One
  5427 | Ossuary  | Noticed a wraith
  5449 | Ossuary  | Slain by a wraith

Vault maps used:
D:1:      eino_arrival_druids_welcome, kennysheep_pointless_box
D:2:      serial_corexii_hall, corexii_hall_statues_u, corexii_hall_statues_s
D:3:      lemuel_doored_altar, chequers_ecumenical_altar_simple_redux,
          minmay_hedge_maze
D:4:      lemuel_coloured_pillars_altar, nicolae_overflow_crystal_walls
D:5:      overflow_temple_1_default, basic_altar, first_ration, enter_ossuary_4,
          minmay_misc_feat_secret_circle, uniq_edmund
Ossuary:  ossuary_due_mausoleum

Skill      XL: |  1  2  3  4  5  6  7 |
---------------+----------------------+-----
Fighting       | 2 3 4 |  4.6
Unarmed Combat | 4 5 6 |  6.7
Transmutations | 3 4 |  4.0
Dodging        | |  1.7
Spellcasting   | |  2.0

Action                   |  1- 3 |  4- 6 |  7- 9 || total
-------------------------+-------+-------+-------++-------
Melee: Unarmed           |   139 |   280 |    76 ||   495
       Tailslap          |    13 |    23 |     9 ||    45
       Kick              |     3 |       |     2 ||     5
       Punch             |     3 |    10 |     2 ||    15
       Headbutt          |       |     6 |       ||     6
 Cast: Beastly Appendage |     1 |     2 |     1 ||     4
       Sticks to Snakes  |     3 |     8 |     3 ||    14
Invok: Divine Shield     |       |       |     1 ||     1
 Abil: Breathe Acid      |       |       |     1 ||     1
  Use: Scroll            |       |       |    14 ||    14
       Potion            |       |       |     1 ||     1
  Eat: Chunk             |     3 |    10 |     2 ||    15
Armor: Skin              |    35 |    74 |    15 ||   124
Dodge: Dodged            |    90 |   148 |    38 ||   276
Block: Other             |       |       |     1 ||     1

Table legend:
 A = Spawn XP
 B = Non-spawn XP
 C = Spawn XP percentage of total XP
 D = Spawn monster count
 E = Non-spawn monster count
 F = Spawn count percentage of total count
 G = Total turns spent on level
                    A         B        C        D         E        F      G
               +---------+---------+-------+---------+---------+-------+---------
         Total |       0 |    1019 |   0.0 |       0 |     137 |   0.0 |  5449
               +---------+---------+-------+---------+---------+-------+---------
           D:1 |       0 |      37 |   0.0 |       0 |      18 |   0.0 |  1120
           D:2 |       0 |      72 |   0.0 |       0 |      28 |   0.0 |   994
           D:3 |       0 |     322 |   0.0 |       0 |      35 |   0.0 |  1699
           D:4 |       0 |     277 |   0.0 |       0 |      28 |   0.0 |  1179
           D:5 |       0 |     274 |   0.0 |       0 |       8 |   0.0 |   311
       Ossuary |       0 |      37 |   0.0 |       0 |      20 |   0.0 |   146
               +---------+---------+-------+---------+---------+-------+---------
